 Dungeon Sprint DCSS version 0.31-a0-986-g5e6e4ef867 (webtiles) character file.

Game seed: 8747099282410046486

5486 sircluck the Grappler (level 10, -9/118 HPs)
             Began as a Troll Berserker on Nov 17, 2023.
             Was an Elder of Trog.
             Mangled by Agnes
             ... wielding a +0 spectral lajatang
              (16 damage)
             ... in the Dungeon (Sprint IV: "Fedhas' Mad Dash").
             The game lasted 00:03:42 (1095 turns).

sircluck the Grappler (Troll Berserker)             Turns: 1095, Time: 00:03:43

Health: -9/118     AC:  4    Str: 37    XL:     10   Next: 42%
Magic:  9/9        EV: 13    Int:  3    God:    Trog [****..]
Gold:   149        SH:  0    Dex:  9    Spells: 9/9 levels left

rFire   . .          .
                       - Unarmed
rCold   . . .        (no shield)
rNeg    . . .        a - +0 animal skin
rPois   .            (helmet restricted)
rElec   .            (no cloak)
rCorr   .            (gloves unavailable)
SInv    .            (boots unavailable)
Will    .....        h - amulet of invisibility {+Inv}
Stlth   +            c - +6 ring of strength
HPRegen 1.19/turn    (no ring)
MPRegen 0.11/turn

%: no teleportation
@: no status effects
A: large, unfitting armour, claws 3, regeneration 1, shaggy fur 1, tough skin 1
a: Renounce Religion, Evoke Invisibility, Berserk, Trog's Hand, Brothers in Arms


You were in the Dungeon.
You worshipped Trog.
Trog was greatly pleased with you.
You visited 1 branch You collected 246 gold pieces.
You spent 97 gold pieces at shops.

Inventory:

Missiles
 i - 10 stones
 j - 5 boomerangs
Armour
 a - a +0 animal skin (worn)
Jewellery
 c - a +6 ring of strength (left claw)
 h - the amulet of invisibility (around neck) {+Inv}
   (You found it in the Dungeon)

   [amulet of nothing]

   +Inv:      It lets you turn invisible.
Scrolls
 k - a scroll of butterflies {unknown}
Potions
 b - a potion of curing
 d - 2 potions of haste
 e - 2 potions of magic
 f - a potion of berserk rage
Miscellaneous
 g - a condenser vane
 m - a phantom mirror


   Skills:
 + Level 12.7 Fighting
 + Level 12.5 Dodging
 + Level 14.7 Unarmed Combat


You had 9 spell levels left.
You didn't know any spells.
Your spell library was empty.

Dungeon Overview and Level Annotations

Branches:
Dungeon (1/1)

Altars:
Cheibriados
Dithmenos
Elyvilon
Gozag
Hepliaklqana
Kikubaaqudgha
Makhleb
Nemelex Xobeh
Okawaru
Qazlal
Ru
Sif Muna
Trog
Uskayaw
Vehumet
Wu Jian
Xom
Yredelemnul
Zin
The Shining One
Jiyva
Lugonu

Shops:
D [[(?=?

Annotations:
D Agnes


Innate Abilities, Weirdness & Mutations

You are too large for most types of armour.
You have claws for hands.
Your natural rate of healing is unusually fast.
You are covered in fur. (AC +1)
You have tough skin. (AC +1)


Message History

You open the door.
Agnes the Wanderer comes into view.
She is wielding a +0 spectral lajatang.
Agnes shouts!
Unknown command.
Your ogre goes berserk!
Trog will no longer gift you weapons.
Your ogre barely misses Agnes.
Agnes hits your ogre with a +0 spectral lajatang!!
Something hits your ogre!
Your ogre dies!
Your ogre's corpse disappears in a puff of smoke!
A +0 spectral lajatang comes into view.
The +0 spectral lajatang disappears.
Your ogre completely misses Agnes.
You closely miss Agnes.
Your ogre completely misses Agnes.
Agnes hits you with a +0 spectral lajatang!!
The +0 spectral lajatang hits you!!
A +0 spectral lajatang comes into view.
You closely miss Agnes. The +0 spectral lajatang hits you!
Agnes mutters, "I could really go for a good breadfruit right now."
Agnes hits you with a +0 spectral lajatang!
The +0 spectral lajatang closely misses you.
Your ogre misses Agnes. You closely miss Agnes. Your claw misses Agnes.
The +0 spectral lajatang closely misses you.
Agnes hits you with a +0 spectral lajatang!!
* * * LOW HITPOINT WARNING * * *
The +0 spectral lajatang hits you!
* * * LOW HITPOINT WARNING * * *
Agnes hits you with a +0 spectral lajatang!
* * * LOW HITPOINT WARNING * * *
The +0 spectral lajatang hits you!
* * * LOW HITPOINT WARNING * * *
Unknown command.
Unknown command.
The +0 spectral lajatang hits you.
* * * LOW HITPOINT WARNING * * *
Your ogre misses Agnes.
Agnes hits you with a +0 spectral lajatang!
You die...
Agnes says, "May you follow the Path of Peace in your next life."

#######
#################################
..#.⌠._._._._.⌠.#..))..#....##∩##
..'.._._._._._..'..#...#....'.:##
..#..._._._._...#..###'##...##∩#.
'##.._._._._._..#.)##∩∩.'...#####
..#._._._._._.⌠.#################
..###################.....)###...
###♣♣♣♣♣..♣.###.@(.'.....).'.)...
.'....).♣..♣##:.#iO#.P.....######
.#♣..♣♣♣.♣..###.##'##.P....######
.#.♣♣.)♣...♣'...#*.♣########
#################,..,,****
,,,,,,,,* ***,,*..♣,,,,***
,,,,,,,,*****,,,*,...,,*,,,****
,,,,,,,,,,,,,,,,,*....,∩,∩,,,,*
,,,,,,,,,,********####*********


You could see Agnes (ally target), a +0 spectral lajatang and a friendly ogre
(summoned, berserk).

Vanquished Creatures
  A demonic crawler (D)
  6 oklob plants (D)
  2 burning bushes (D)
  3 wandering mushrooms (D)
  3 scorpions (D)
  2 killer bees (D)
  5 oklob saplings (D)
  2 spriggans (D)
  A river rat (D)
  A rat (D)
  A ballistomycete spore (D)
27 creatures vanquished.

Vanquished Creatures (collateral kills)
  A spriggan druid (D)
  A burning bush (D)
  A queen bee (D)
  A hornet (D)
  3 spriggans (D)
  2 killer bees (D)
9 creatures vanquished.

Grand Total: 36 creatures vanquished

Notes
Turn   | Place    | Note
-------+----------+-------------------------------------------
     0 | D        | sircluck the Troll Berserker began the quest for the Orb.
     0 | D        | Reached XP level 1. HP: 22/22 MP: 0/0
     9 | D        | Reached XP level 2. HP: 24/31 MP: 1/1
    20 | D        | Noticed an oklob sapling
    47 | D        | Killed an oklob sapling
    47 | D        | Reached ** piety under Trog
    48 | D        | Reached skill level 4 in Unarmed Combat
    48 | D        | Reached XP level 3. HP: 39/39 MP: 2/2
    50 | D        | Noticed a scorpion
    50 | D        | Found the amulet of invisibility {+Inv}
    54 | D        | Killed a scorpion
    55 | D        | Reached skill level 5 in Unarmed Combat
    55 | D        | Reached XP level 4. HP: 49/49 MP: 3/3
    74 | D        | Found an opulent altar of Gozag.
    74 | D        | Found a hazy altar of Hepliaklqana.
    74 | D        | Found a burning altar of Makhleb.
    74 | D        | Found a sparkling altar of Nemelex Xobeh.
    74 | D        | Found a snail-covered altar of Cheibriados.
    74 | D        | Found a sacrificial altar of Ru.
    74 | D        | Found a shimmering blue altar of Sif Muna.
    74 | D        | Found a shimmering altar of Xom.
    74 | D        | Found a basalt altar of Yredelemnul.
    75 | D        | Found a viscous altar of Jiyva.
    75 | D        | Found a bloodstained altar of Trog.
    75 | D        | Found an ornate altar of the Wu Jian Council.
    76 | D        | Found an iron altar of Okawaru.
    76 | D        | Found a glowing silver altar of Zin.
    76 | D        | Found a shadowy altar of Dithmenos.
    77 | D        | Found an ancient bone altar of Kikubaaqudgha.
    77 | D        | Found a hide-covered altar of Uskayaw.
    78 | D        | Found a stormy altar of Qazlal.
    78 | D        | Found a glowing golden altar of the Shining One.
    78 | D        | Found a white marble altar of Elyvilon.
    79 | D        | Found a corrupted altar of Lugonu.
    79 | D        | Found a radiant altar of Vehumet.
    86 | D        | Reached skill level 5 in Fighting
    86 | D        | Reached skill level 5 in Dodging
    86 | D        | Reached skill level 6 in Unarmed Combat
    86 | D        | Reached XP level 5. HP: 26/57 MP: 4/4
   167 | D        | Reached *** piety under Trog
   168 | D        | Reached skill level 7 in Unarmed Combat
   212 | D        | Reached **** piety under Trog
   213 | D        | Reached skill level 8 in Unarmed Combat
   213 | D        | Reached XP level 6. HP: 68/68 MP: 5/5
   268 | D        | Found Golie's Antique Armour Shop.
   268 | D        | Found Musimp's Antique Armour Emporium.
   277 | D        | Noticed a burning bush
   277 | D        | Noticed a wandering mushroom
   278 | D        | Noticed a wandering mushroom
   296 | D        | Killed a wandering mushroom
   361 | D        | Killed a wandering mushroom
   362 | D        | Reached skill level 9 in Unarmed Combat
   362 | D        | Reached XP level 7. HP: 61/79 MP: 6/6
   398 | D        | Killed a burning bush
   399 | D        | Reached skill level 10 in Unarmed Combat
   405 | D        | Found Foenium's Magic Scroll Emporium.
   405 | D        | Found Tuvera's Antique Weapon Shoppe.
   479 | D        | Noticed a queen bee
   489 | D        | Killed a queen bee
   490 | D        | Reached skill level 11 in Unarmed Combat
   490 | D        | Reached XP level 8. HP: 77/92 MP: 7/7
   507 | D        | Noticed an oklob plant
   538 | D        | Identified the +3 pair of boots of Amorality {*Slow Int+3
                  | Stlth+}
   542 | D        | Killed an oklob plant
   542 | D        | Reached ***** piety under Trog
   543 | D        | Reached skill level 10 in Fighting
   583 | D        | Noticed a burning bush
   587 | D        | Killed a burning bush
   588 | D        | Reached skill level 10 in Dodging
   600 | D        | Noticed a burning bush
   600 | D        | Noticed an oklob plant
   601 | D        | Noticed a wandering mushroom
   696 | D        | Killed a burning bush
   697 | D        | Reached skill level 12 in Unarmed Combat
   697 | D        | Reached XP level 9. HP: 98/102 MP: 8/8
   707 | D        | Killed a wandering mushroom
   732 | D        | Killed an oklob plant
   766 | D        | Noticed a spriggan druid
   774 | D        | Killed a spriggan druid
   775 | D        | Reached skill level 13 in Unarmed Combat
   858 | D        | Noticed an oklob plant conjurer
   861 | D        | Killed an oklob plant conjurer
   920 | D        | Noticed an oklob plant
   920 | D        | Noticed an oklob plant summoner
   921 | D        | Noticed an oklob plant shifter
   926 | D        | Killed an oklob plant
   936 | D        | Killed an oklob plant shifter
   937 | D        | Reached XP level 10. HP: 52/115 MP: 9/9
   937 | D        | Killed an oklob plant summoner
   938 | D        | Reached skill level 14 in Unarmed Combat
   990 | D        | Noticed a demonic crawler
   993 | D        | Killed a demonic crawler
   993 | D        | Received a gift from Trog
  1029 | D        | Noticed a spriggan rider
  1039 | D        | Found Vaaskuap's Jewellery Emporium.
  1041 | D        | Found Zohak's Magic Scroll Shoppe.
  1049 | D        | Bought a scroll of revelation for 97 gold pieces
  1088 | D        | Noticed Agnes
  1095 | D        | Mangled by Agnes

Illustrated notes

Levels and vault maps discovered:
D:        dungeon_sprint_fedhas [sprint_temple]

Skill      XL: |  1  2  3  4  5  6  7  8  9 10 |
---------------+-------------------------------+-----
Fighting       | 3 4 5 6 7 9 10 12 | 12.7
Dodging        | 3 4 5 6 7 9 10 11 12 | 12.5
Unarmed Combat | 4 5 6 8 9 11 12 13 14 | 14.7

Action                     |  1- 3 |  4- 6 |  7- 9 | 10-12 || total
---------------------------+-------+-------+-------+-------++-------
  Melee: Unarmed           |     9 |    27 |    37 |     6 ||    79
         Punch             |       |     1 |     4 |     1 ||     6
 Invoke: Berserk           |       |     1 |       |     1 ||     2
         Brothers in Arms  |       |       |     3 |     3 ||     6
Ability: Evoke Invisibilit |       |       |     2 |       ||     2
  Evoke: Condenser vane    |       |       |     1 |       ||     1
    Use: Scroll            |       |       |     1 |     1 ||     2
         Potion            |       |       |     1 |       ||     1
   Stab: Invisible         |       |       |     1 |       ||     1
 Armour: Animal skin       |     5 |    11 |    37 |    16 ||    69
  Dodge: Dodged            |     2 |     9 |    12 |     5 ||    28

Table legend: (Time is in decaauts)
 A = Elapsed time spent in this place.
 B = Non-inter-level travel time spent in this place.
 C = Inter-level travel time spent in this place.
 D = Time resting spent in this place.
 E = Time spent auto-exploring this place.
 F = Levels seen in this place.
 G = Mean time per level.
                   A        B        C        D        E       F      G
               +--------+--------+--------+--------+--------+-----+--------+
         Total |   1108 |   1108 |      0 |    439 |    275 |   1 | 1108.0 |
       Dungeon |   1108 |   1108 |      0 |    439 |    275 |   1 | 1108.0 |
               +--------+--------+--------+--------+--------+-----+--------+

Top non-repeatable levels by time:
       D: 1108 daAuts
